Map: Ulrena

Players

Xandros

  • Race: Zerg Zerg

IA (Muy difícil) 1 - Winner!

  • Race: Terran Terran

VOD

Have the link to the VOD?

Description

Time

  • Played on: Nov. 20, 2015, 10:40 a.m.
  • Length: 3:40
Show
View Real Time Build Order
Export as new Build Order

Xandros Zerg 

Build Orders: Pool First 

Get SALT Encoding   

  12  0:03  Drone  
  13  0:13  Drone  
  14  0:19  Overlord  
  14  0:38  Spawning Pool  
  14  0:39  Drone  
  14  0:42  Drone  
  15  0:45  Drone  
  16  0:56  Extractor  
  15  0:58  Drone  
  15  1:03  Drone  
  17  1:13  Drone  
  18  1:25  Queen  
  20  1:26  Drone  
  21  1:45  Hatchery  
  20  1:56  Zergling x4  
  22  2:04  Extractor  
  21  2:13  Drone  
  22  2:18  Overlord  
  22  2:21  Overlord  
  22  2:35  Queen  
  24  2:40  Drone  
  24  2:41  Drone  
  27  2:44  Zergling x4  
  28  2:51  Drone  
  31  3:05  Spine Crawler  
  30  3:18  Drone x2  
  32  3:29  Spine Crawler  
Show
View Real Time Build Order
Export as new Build Order

IA (Muy difícil) 1 Terran - Winner!

Build Orders:  

Get SALT Encoding   

  12  0:10  Supply Depot  
  12  0:12  SCV  
  13  0:37  Barracks  
  13  0:43  Barracks  
  13  0:58  Barracks  
  13  1:00  SCV  
  14  1:12  SCV  
  15  1:24  Marine  
  16  1:27  Barracks  
  16  1:30  Marine  
  17  1:42  Marine  
  17  1:44  Marine  
  19  1:47  Marine  
  19  1:54  Supply Depot  
  20  2:00  Marine  
  21  2:05  Marine  
  21  2:06  Marine  
  23  2:15  Marine  
  24  2:17  Marine  
  25  2:23  Marine  
  25  2:24  Marine  
  27  2:33  Marine  
  27  2:35  Marine  
  29  2:41  Marine  
  30  2:45  Supply Depot  
  30  2:48  Marine  
  31  2:56  Refinery  
  31  3:07  SCV  
  32  3:19  SCV  
Tags
 
Matchup
TvZ
Opening
Pool First
Add a new tag
Caveats
  • Supply blocks, unpowered buildings, or Contaminate may cause inaccurate times.
  • Supply counts are checked every 10 seconds.